Map: Catalyst LE

Players

høns - Winner!

  • Race: Zerg Zerg
  • League: Master
  • Spawn Location: 5:00

VOD

Have the link to the VOD?

Description

Time

  • Played on: Aug. 8, 2018, 4:38 p.m.
  • Length: 20:19
Show
View Real Time Build Order
Export as new Build Order

høns Zerg - Winner!

Build Orders: Hatch First 

Get SALT Encoding   

  12  0:17  Drone x2  
  12  0:38  Hatchery  
  12  0:41  Drone  
  12  0:49  Overlord  
  12  1:05  Spawning Pool  
  12  1:09  Drone  
  12  1:13  Drone  
  12  1:19  Drone  
  12  1:41  Hatchery  
  12  1:47  Hatchery  
  12  1:52  Hatchery  
  12  2:02  Drone x2  
  12  2:08  Drone  
  12  2:38  Queen  
  12  3:00  Hatchery  
  12  3:02  Queen  
  12  3:04  Queen  
  12  3:08  Overlord  
  12  3:13  Queen  
  12  3:39  Queen  
  12  3:40  Queen  
  12  3:52  Queen  
  12  4:14  Queen x2  
  12  4:16  Queen  
  12  4:28  Queen  
  12  4:37  Overlord  
  12  5:26  Queen  
  12  5:27  Queen x3  
  12  5:29  Overlord x2  
  12  6:13  Drone x6, Extractor  
  12  6:14  Drone x7, Extractor  
  12  6:32  Drone x4  
  12  6:37  Overlord x3  
  12  6:45  Drone  
  12  6:46  Drone x2  
  12  6:48  Drone  
  12  7:00  Drone x5  
  12  7:06  Queen  
  12  7:12  Queen  
  12  7:18  Queen  
  12  7:24  Queen  
  12  7:38  Drone x3  
  12  7:39  Drone x6  
  12  8:02  Hatchery x2  
  12  8:12  Hatchery  
  12  8:41  Hatchery  
  12  8:45  Hatchery  
  12  9:03  Hatchery  
  12  9:11  Hatchery  
  12  9:25  Queen  
  12  9:35  Hatchery  
  12  9:42  Hatchery  
  12  9:44  Hatchery  
  12  9:51  Hatchery  
  12  10:00  Overlord x4  
  12  10:11  Drone x12  
  12  10:14  Drone x8  
  12  10:15  Drone x4, Extractor x2  
  12  10:18  Drone x2  
  12  12:47  Drone  
  12  12:48  Drone x31  
  12  12:49  Drone x13  
  12  12:52  Drone x20  
  12  12:53  Drone x13  
  12  13:04  Overlord  
  12  13:05  Overlord x13  
  12  13:30  Drone x7  
  12  13:31  Drone x5  
  12  13:36  Drone x7  
  12  13:51  Lair  
  12  14:16  Lair  
  12  14:21  Extractor  
  12  14:37  Drone  
  12  15:59  Zergling x2  
  12  16:00  Zergling x18  
  12  16:15  Zergling x6  
  12  16:18  Zergling x14  
  12  16:19  Zergling x18  
  12  16:24  Roach Warren  
  12  16:27  Metabolic Boost  
  12  18:05  Spine Crawler  
  12  18:06  Spine Crawler  
  12  18:07  Spine Crawler  
  12  18:08  Spine Crawler  
  12  18:12  Spore Crawler x2  
  12  18:13  Spore Crawler  
  12  18:14  Spore Crawler  
  12  18:15  Spore Crawler  
  12  18:17  Spore Crawler  
  12  18:19  Spore Crawler  
  12  18:21  Spore Crawler  
  12  18:22  Spore Crawler x2  
  12  18:24  Spore Crawler  
  12  18:26  Spore Crawler x3  
  12  18:27  Spore Crawler x3  
  12  18:28  Spore Crawler x6  
  12  18:29  Spore Crawler x5  
  12  18:30  Spore Crawler  
  12  18:31  Spore Crawler x3  
  12  18:32  Spore Crawler x5  
  12  18:33  Spore Crawler x2  
  12  18:34  Spore Crawler  
  12  18:35  Spore Crawler  
  12  18:36  Spore Crawler x5  
  12  18:37  Spore Crawler x2  
  12  18:38  Spore Crawler x2  
  12  18:39  Spore Crawler  
  12  18:43  Spine Crawler  
  12  18:44  Spine Crawler  
  12  18:45  Spine Crawler x2  
  12  18:46  Spine Crawler x3  
  12  18:47  Spine Crawler x2  
  12  18:48  Spine Crawler x2  
  12  18:50  Spore Crawler x5  
  12  18:51  Spore Crawler x4  
  12  18:52  Spore Crawler x4  
  12  18:53  Spore Crawler  
  12  18:54  Spore Crawler  
  12  18:55  Spore Crawler x2  
  12  18:56  Spore Crawler  
  12  18:58  Spore Crawler x2  
  12  19:00  Spore Crawler, Spine Crawler  
  12  19:01  Spore Crawler, Spine Crawler  
  12  19:02  Spore Crawler x2, Spine Crawler  
  12  19:03  Spine Crawler x3  
  12  19:07  Spore Crawler  
  12  19:08  Spore Crawler  
  12  19:09  Spore Crawler x2  
  12  19:10  Spore Crawler x3  
  12  19:11  Spore Crawler x2  
  12  19:12  Spore Crawler  
  12  19:13  Spore Crawler  
  12  19:14  Spore Crawler, Spine Crawler  
  12  19:15  Spine Crawler  
  12  19:16  Spine Crawler  
  12  19:17  Spine Crawler x2  
  12  19:18  Spine Crawler  
  12  19:26  Spine Crawler x3  
  12  19:27  Spine Crawler  
  12  19:28  Spine Crawler  
  12  19:29  Spine Crawler x2  
  12  19:30  Spine Crawler x2  
  12  19:31  Spine Crawler  
  12  19:32  Spine Crawler  
  12  19:34  Spine Crawler  
  12  19:36  Spine Crawler x2  
  12  19:38  Spore Crawler  
  12  19:40  Spore Crawler x3  
  12  19:41  Spore Crawler  
  12  19:43  Drone x20, Spore Crawler x2  
  12  19:44  Drone x22, Spore Crawler  
  12  19:45  Spore Crawler  
Tags
 
Add a new tag
Caveats
  • Supply blocks, unpowered buildings, or Contaminate may cause inaccurate times.
  • Supply counts are checked every 10 seconds.